 Dungeon Crawl Stone Soup version 0.20.0-10-g0535bb4 (console) character file.

35 removed the Conjurer (level 3, -1/24 HPs)
             Began as a Merfolk Conjurer on June 3, 2017.
             Slain by Natasha (3 damage)
             ... on level 2 of the Dungeon.
             The game lasted 00:01:34 (995 turns).

removed the Conjurer (Merfolk Conjurer)              Turns: 995, Time: 00:01:35

Health: -1/24      AC:  3    Str:  8    XL:     3   Next: 35%
Magic:  6/6        EV: 13    Int: 14    God:
Gold:   42         SH:  0    Dex: 15    Spells: 5/6 levels left

rFire    + . .     SeeInvis .     - Unarmed
rCold    . . .     Gourm    .   (no shield)
rNeg     . . .     Faith    .   a - +0 robe
rPois    .         Spirit   .   (no helmet)
rElec    .         Reflect  .   (no cloak)
rCorr    .         Harm     .   m - +0 pair of gloves (curse)
MR       .....                  (no boots)
Stlth    ++........             (no amulet)
Regen    0.1/turn               i - ring of protection from fire
MPRegen  0.1/turn               (no ring)

@: slowed, very slow
A: change form in water, swift swim, stealthy swim
a: no special abilities


You were on level 2 of the Dungeon.
You were not hungry.

You visited 1 branch of the dungeon, and saw 2 of its levels.

You collected 42 gold pieces.

Inventory:

Armour
 a - a +0 robe (worn)
 m - a cursed +0 pair of gloves (worn)
Jewellery
 i - a ring of protection from fire (left hand)
Scrolls
 d - 5 scrolls of identify {unknown}
 g - a scroll of teleportation {unknown}
 h - a scroll of fear {unknown}
 k - a scroll of fog {unknown}
Potions
 e - a potion of agility {unknown}
 o - a potion of haste {unknown}
Books
 b - a book of Conjurations

   Spells                             Type                      Level
   a - Magic Dart                     Conjuration                  1
   b - Searing Ray                    Conjuration                  2
   c - Dazzling Spray                 Conjuration/Hexes            3
   d - Fulminant Prism                Conjuration/Hexes            4
   e - Force Lance                    Conjuration/Translocation    4
   f - Iskenderun's Mystic Blast      Conjuration                  4
Comestibles
 c - 3 bread rations
 j - a royal jelly
 l - a meat ration


   Skills:
 - Level 2.6 Dodging
 - Level 2.1 Stealth
 + Level 3.1 Unarmed Combat
 - Level 2.0 Spellcasting
 - Level 3.2 Conjurations


You had 5 spell levels left.
You knew the following spells:

 Your Spells              Type           Power        Failure   Level  Hunger
a - Magic Dart            Conj           ##..         6%          1    ##.....


Dungeon Overview and Level Annotations

Branches:
Dungeon (2/15)

Altars:

Annotations:
D:2 Natasha


Message History

The magic dart hits you!
* * * LOW HITPOINT WARNING * * *
The crimson imp hits you but does no damage.
You closely miss Natasha.
Natasha drinks a potion.
Natasha flickers and vanishes!
Deactivating autopickup; reactivate with Ctrl-A.
The crimson imp hits you.
* * * LOW HITPOINT WARNING * * *
You hit something. Something claws you.
* * * LOW HITPOINT WARNING * * *
The crimson imp hits you but does no damage.
Unknown command.
You hit something but do no damage.
You hear some strange, mumbled words.
You feel yourself slow down. The crimson imp hits you.
* * * LOW HITPOINT WARNING * * *
Unknown command.
You closely miss something. Something claws you.
You die...

...........###......# ....
.......###.# #......### ....
........##.# #......'.# ....
........##.# #......#.# ....
........##.###......#.# ##....
........##..........#.# #.....
.............#......+.# #.....
.......##....#..5...########†h...
......(##....#..@{..##....<5.####
.......##....#.#+#'###§#######
.............).........#
#'#####......#.#..###### #.#
#.##.###....# #.### #.##.# #.##.#
....# ####.# ####.############
###.######.# #....##.....<#
#..........# ####.##.######


You could see a crimson imp.

Vanquished Creatures
  A dart slug (D:1)
  A leopard gecko (D:1)
  3 goblins (D:1)
  9 hobgoblins
  4 kobolds (D:1)
  3 bats (D:1)
  4 frilled lizards
  4 rats (D:1)
29 creatures vanquished.

Notes
Turn   | Place    | Note
-------+----------+-------------------------------------------
     0 | D:1      | removed the Merfolk Conjurer began the quest for the Orb.
     0 | D:1      | Reached XP level 1. HP: 13/13 MP: 3/3
    74 | D:1      | Reached skill level 1 in Unarmed Combat
   118 | D:1      | Reached XP level 2. HP: 19/19 MP: 1/5
   470 | D:1      | Reached XP level 3. HP: 11/24 MP: 2/6
   961 | D:2      | Noticed Natasha
   995 | D:2      | Slain by Natasha

Skill      XL: |  1  2  3 |
---------------+----------+-----
Unarmed Combat | 1 2 3 |  3.1
Dodging        | |  2.6
Stealth        | |  2.1
Spellcasting   | |  2.0
Conjurations   | |  3.2

Action                   || total
-------------------------++-------
Melee: Unarmed           ||    45
       Punch             ||     1
 Cast: Magic Dart        ||    44
  Eat: Chunk             ||     1
Armor: Robe              ||     6
Dodge: Dodged            ||    25
